[Event "*** Titled Tuesday Blitz"]
[Site "Chess.com"]
[Date "2020.04.28"]
[Round "2"]
[White "ChelsieMonica"]
[Black "Gloomy_Wanderer"]
[Result "0-1"]
[WhiteElo "2337"]
[BlackElo "2814"]
[TimeControl "180+1"]
[EndTime "10:20:06 PDT"]
[Termination "Gloomy_Wanderer won by resignation"]

1. c4 e5 2. Nc3 Nc6 3. e3 Nf6 4.
d4 Bb4 5. d5 Nb8 6. Bd3 Bxc3+ 7. bxc3 d6 8. Ne2 b6 9. Ng3 Nbd7 10. O-O Nc5 11. Be2 O-O 12. Qc2 e4 13. f3 Re8 14. fxe4 Nfxe4 15. Nxe4 Nxe4 16. Rf4 f5 17. Bd3 g5 18. Rf1 Qe7 19. a3 Bd7 20. a4 Qe5 21. a5 h6 22. Bxe4 Qxe4 23. Qxe4 Rxe4 24. axb6 cxb6 25. Bd2 Rxc4 26. Rfb1 Rc5 27. Rxb6 Rxd5 28. Be1 axb6 29. Rxa8+ Kf7 30. Rb8 b5 31. Kf2 Be6 32. Rb7+ Kg6 33. Rb6 Bf7 34. Ke2 Kf6 35. Bg3 Ke6 36.
Be1 Bh5+ 37. Kf2 Bd1 38. Rb8 h5 39. Rg8 g4 40. Kg3 Bb3 41. Kf4 Rd1 42. Bg3 Rf1+ 43. Kg5 Bd5 44. Rg6+ Ke7 45. Bxd6+ Kd7 46. g3 Be6 47. Be5 Rf3 48. Bd4 Bc4 49. Kxh5 Bd3 50. Kg5 Be4 51. Rg7+ Kc6 52. Re7 Kd5 53. Re5+ Kc4 54.
Rc5+ Kd3 55. Rxb5 Rf2 56. Rb1 Rxh2 57. Rd1+ Kc4 58. Rf1 Rg2 59. Be5 Re2 60. Rf4 Kd3 61.
c4 Kxc4 62. Bd4 Kd3 63. Kh4 Rh2+ 64. Kg5 Rh3 65. Be5 Kxe3 66. Rf1 Ke2 67. Ra1 Rh7 68. Bf4 Kd3 69. Ra3+ Kc4 70. Ra5 Kb4 71. Ra6 Kc4 72. Rh6 Rd7 73. Rg6 Kd3 74. Rh6 Ke2 75. Rh2+ Kf1 76. Ra2 Rd3 77. Ra1+ Kg2 78. Ra2+ Kh3 79. Ra7 Rxg3 80. Bxg3 Kxg3 81. Ra3+ Kg2 82. Kf4 Kh2 83. Rg3 Kh1 84. Re3 Kh2 85. Re1 g3 86. Re2+ g2 87.
Ke3 Kh1 88. Re1+ g1=Q+ 89. Rxg1+ Kxg1 90. Kf4 Kf2 91. Ke5 Ke3 92. Kf6 f4 93. Kg5 f3 0-1

[Event "*** Titled Tuesday Blitz"]
[Site "Chess.com"]
[Date "2020.04.28"]
[Round "2"]
[White "r31415"]
[Black "temiksmozg"]
[Result "1-0"]
[WhiteElo "2346"]
[BlackElo "2632"]
[TimeControl "180+1"]
[EndTime "10:20:13 PDT"]
[Termination "r31415 won by resignation"]

1. e4 e5 2. Nf3 Nc6 3. Bc4 Bc5 4. c3 Nf6 5. d3 a6 6. O-O Ba7 7. Nbd2 d6 8. Bb3 O-O 9. h3 Kh8 10. Re1 Ng8 11. Nf1 f5 12. exf5 Bxf5 13. d4 exd4 14. cxd4 d5 15. Ng3 Nce7 16. Bg5 Qd6 17. Ne5 c5 18. Bf4 Qd8 19. Nxf5 Rxf5 20. Qg4 Qf8 21. Be3 Nf6 22. Qh4 cxd4 23. Bxd4 Bxd4 24.
Qxd4 Nc6 25. Nxc6 bxc6 26. Rac1 Ne4 27. Re2 c5 28. Qe3 c4 29. Bc2 Re8 30. Bxe4 Rxe4 31. Qd2 Rxe2 32. Qxe2 h6 33. Rc2 Qf6 34. Rd2 Kh7 35.
Qe3 Re5 36. Qd4 Re1+ 37. Kh2 Qd6+ 38. g3 Rb1 39. Kg2 Qe6 40. a3 Qe1 41. Kf3 Qh1+ 42. Kg4 Re1 43. Qxd5 Qxd5 44. Rxd5 Re2 45. Kf3 Rxb2 46.
Rc5 Rb3+ 47. Ke4 Rxa3 48. Rxc4 Ra2 49. Ke3 h5 50. Rc6 g6 51. h4 Kh6 52. Rb6 a5 53. Ra6 Kg7 54. f3 a4 55. g4 a3 56.
Kf4 Ra1 57. Kg5 hxg4 58. fxg4 a2 59. Rxg6+ Kf7 60. Ra6 Ke7 61. h5 Kf7 62. h6 Rb1 63.
Rxa2 Rb5+ 64. Kh4 Kg6 65. Ra6+ Kh7 66. g5 Rb1 67. Ra7+ Kg6 68. Rg7+ Kf5 69. Kg3 Rb3+ 70. Kf2 Rb8 71. Ke3 Re8+ 72. Kd4 Kf4 73. Kc5 Rd8 74.
Kc6 Re8 75. Kd7 Re3 76. Rg6 Kg4 77. Rg7 Rc3 78. Ke7 Re3+ 79. Kf8 Rf3+ 80. Kg8 Re3 81. h7 Kf5 82. Kf7 Re5 83. h8=Q Rd5 84. Qh7+ Ke5 85.
Qh2+ Kd4 86. Qf2+ Ke4 87. Qg2+ Ke5 88. Qxd5+ Kxd5 89. Kf6 1-0

[Event "*** Titled Tuesday Blitz"]
[Site "Chess.com"]
[Date "2020.04.28"]
[Round "2"]
[White "SaqoChess_Twitch"]
[Black "Trickov"]
[Result "1/2-1/2"]
[WhiteElo "2472"]
[BlackElo "2264"]
[TimeControl "180+1"]
[EndTime "10:20:17 PDT"]
[Termination "Game drawn - insufficient material"]

1. d4 d5 2. c4 c6 3. Nc3 Nf6 4. e3 Bf5 5. cxd5 cxd5 6. Qb3 Qb6 7. Nxd5 Qxb3 8. Nxf6+ exf6 9. axb3 a6 10. Nf3 Bc2 11. Bc4 Nd7 12. Bd2 Bd6 13. b4 Rc8 14. Bd5 Rc7 15.
O-O Nb6 16. Ba2 Ke7 17. Rfc1 Rhc8 18. Bc3 Bf5 19. Re1 Be6 20. Bxe6 fxe6 21. e4 Kd7 22. Rad1 Na4 23. e5 Be7 24. d5 Nxc3 25. bxc3 Rxc3 26. exf6 Bxf6 27. dxe6+ Ke8 28. h3 Rb3 29. Re4 b5 30. Nh2 Rc4 31. Re2 Rcxb4 32. Ng4 Rb1 33. Rxb1 Rxb1+ 34. Kh2 Ke7 35. f4 a5 36. f5 a4 37.
Rd2 a3 38. Rd7+ Ke8 39. Ra7 b4 40. Ne3 Be5+ 41. g3 Rb2+ 42. Kh1 Rd2 43. Nc4 Bxg3 44.
Nxa3 bxa3 45. Rxa3 Bd6 46. Ra7 Rd5 47. Rxg7 Rxf5 48.
Rxh7 Bf8 49. Ra7 Re5 50. Ra8+ Ke7 51. Kg2 Bh6 52. Ra7+ Kf6 53. Rh7 Bg7 54. Rh4 Rxe6 55. Rf4+ Kg6 56. Rg4+ Kh6 57. Rh4+ Kg6 58. Rg4+ Kf7 59.
Rg3 Bf6 60. Rf3 Re5 61. h4 Re4 62. Kg3 Kg6 63. h5+ Kf7 64. h6 Kg6 65. h7 Re8 66.
Kg4 Rh8 67. Rh3 Bg7 68. Rh1 Bh6 69. Rb1 Bg7 70. Rb6+ Bf6 71. Rb7 Bg7 72. Rb6+ Kxh7 73. Kg5 Re8 74. Rb7 Re5+ 75. Kf4 Ra5 76. Rb6 Kg8 77.
Ke4 Kf7 78. Rc6 Bf8 79. Rc7+ Be7 80. Rc6 Bf6 81. Rb6 Re5+ 82. Kf4 Re6 83. Rxe6 Kxe6 1/2-1/2

[Event "*** Titled Tuesday Blitz"]
[Site "Chess.com"]
[Date "2020.04.28"]
[Round "2"]
[White "Jeffinho023"]
[Black "Gabix_94"]
[Result "1-0"]
[WhiteElo "2547"]
[BlackElo "2789"]
[TimeControl "180+1"]
[EndTime "10:20:21 PDT"]
[Termination "Jeffinho023 won on time"]

1. d4 Nf6 2. Nf3 g6 3. Bf4 Bg7 4. e3 O-O 5. h3 d6 6. Nbd2 Nfd7 7. Bh2 e5 8. c3 Qe7 9. Bc4 e4 10.
Ng1 Kh8 11. Ne2 f5 12. O-O Nf6 13. Bb3 Nc6 14. c4 g5 15. Rc1 Bd7 16. d5 Ne5 17. c5 dxc5 18. Bxe5 Qxe5 19. Rxc5 Ne8 20. Nc4 Qe7 21. d6 cxd6 22. Rd5 Be6 23. Rd2 d5 24. Na5 Nf6 25. Nd4 Bc8 26. Nc2 Qc7 27. Rxd5 Nxd5 28. Qxd5 Rb8 29. Nc4 Rd8 30. Qb5 a6 31. Qb4 b5 32.
Na5 f4 33. Nd4 Qd6 34. Qxd6 Rxd6 35. Nac6 Ra8 36. Rc1 fxe3 37. fxe3 Bb7 38. Ne7 Rd7 39. Nef5 Rc8 40. Rf1 Rf8 41. Ne6 Rf6 42. Nfxg7 Rxf1+ 43. Kxf1 Rd2 44. Nf5 Rxb2 45. Nxg5 h6 46. Nxh6 Kg7 47.
Ng4 a5 48. Ne6+ Kh7 49. Nd4 a4 50. Be6 b4 51. Nf6+ Kg6 52. Nd7 Ba6+ 53. Kg1 b3 54. axb3 a3 55. b4 a2 56. Bxa2 Rxa2 57. b5 Bc8 58. Nc5 Rb2 59. Kh2 Kg5 60. Kg3 Kf6 61. h4 Ke5 62. h5 Rb1 63. h6 Kf6 64. Kf4 Rc1 65. Nxe4+ Kg6 66. Nd6 Bd7 67. b6 Kxh6 68. b7 Rb1 69. N4b5 Bxb5 70. b8=Q Rb4+ 71. Ke5 Kg5 72.
Qg8+ Kh4 73. Qh7+ Kg3 74. Nxb5 Rxb5+ 75. Kd4 Kxg2 76. Qg6+ Kf2 77. Qf6+ Ke2 78. e4 Rb4+ 79. Kd5 Kd3 80. e5 Rb5+ 81. Kc6 Ra5 82. e6 Ke4 83. Kb6 Rf5 84. Qxf5+ Kxf5 85. e7 1-0

[Event "*** Titled Tuesday Blitz"]
[Site "Chess.com"]
[Date "2020.04.28"]
[Round "2"]
[White "Koksik_13"]
[Black "mbachez"]
[Result "0-1"]
[WhiteElo "2698"]
[BlackElo "2496"]
[TimeControl "180+1"]
[EndTime "10:20:30 PDT"]
[Termination "mbachez won by resignation"]

1. d4 Nf6 2. Bf4 d5 3. e3 e6 4.
c3 Bd6 5. Bg3 O-O 6. Bd3 c5 7.
Nf3 Qc7 8. Nbd2 Nbd7 9. O-O e5 10.
dxe5 Nxe5 11. Nxe5 Bxe5 12. Bxe5 Qxe5 13. Nf3 Qc7 14. h3 Rd8 15. Qa4 c4 16. Bc2 Bd7 17. Qa3 a5 18. Rad1 b5 19. Nd4 Rab8 20. b4 cxb3 21.
Qxb3 Rdc8 22. Rc1 Qc5 23. a3 Ne4 24. Bxe4 dxe4 25. Rfd1 g6 26. Qb2 Qc4 27. Nb3 Be6 28. Nxa5 Qa4 29. Qb4 Ra8 30. Nb7 Qxa3 31. Qxe4 Rxc3 32.
Rxc3 Qxc3 33. Nd8 Ra1 34. Rxa1 Qxa1+ 35. Kh2 Bc4 36. Nc6 Qf6 37. f4 Qe6 38. Qxe6 Bxe6 39.
e4 Kf8 40. Kg3 Ke8 41. Kf3 Kd7 42. Nb4 Kd6 43. Nd3 Bc4 44. e5+ Kd5 45. Nb4+ Kc5 46.
Na6+ Kd4 47. g4 Kc3 48. Ke4 b4 49. Nc5 b3 50. Na4+ Kb4 51. Nb2 Bf1 52. Ke3 Bxh3 53. g5 Bf5 54. Kd4 Be6 55. Kd3 Kc5 56. Kc3 Kd5 57. Nc4 Ke4 58. Nd6+ Kxf4 59. Ne8 Kxe5 60. Nf6 Kf5 61. Nxh7 Bd5 62. Kb2 Be6 63. Kc3 Ke4 64.
Kb2 Kf3 65. Nf6 Kf4 66. Nh7 Bf5 67. Kc3 Bc2 68. Kb2 Ke5 69. Kc3 Ke6 70. Nf6 Ke7 71.
Nh7 Ke6 72. Kb2 Kd6 73. Kc3 Kc5 74. Kb2 Kb4 75. Nf6 Bf5 76. Nh7 Be6 77. Nf6 Kc4 78. Nh7 Kd4 79. Nf6 Ke3 80. Kc3 Kf4 81. Nh7 Kg4 82. Kb2 Kh5 83. Kc3 f5 84. gxf6 g5 85.
Nf8 Bf7 86. Nd7 Kg6 87. Ne5+ Kxf6 88. Nxf7 Kxf7 89. Kxb3 g4 90. Kc3 g3 91. Kd3 g2 92.
Ke2 g1=Q 0-1

[Event "*** Titled Tuesday Blitz"]
[Site "Chess.com"]
[Date "2020.04.28"]
[Round "2"]
[White "Jungle_Jaguar"]
[Black "petrkostenko"]
[Result "1-0"]
[WhiteElo "2634"]
[BlackElo "2286"]
[TimeControl "180+1"]
[EndTime "10:20:31 PDT"]
[Termination "Jungle_Jaguar won by resignation"]

1. e4 c6 2. d4 d5 3. exd5 cxd5 4. Bd3 Nf6 5. c3 Bg4 6. Qb3 Qc7 7. Ne2 e6 8. Bf4 Qd7 9. Bxb8 a6 10. Bf4 Bd6 11. Bxd6 Qxd6 12. f3 Bh5 13. O-O O-O 14. Nd2 Bg6 15. Bxg6 hxg6 16. Rfe1 Rab8 17. Nc1 b6 18. Nd3 Qc7 19. Rac1 Rfd8 20. Qa4 a5 21. Qb5 Ne8 22. a4 Nd6 23. Qb3 Nc4 24. Qd1 Nd6 25.
Nf1 Rdc8 26. Ne3 Qa7 27. h4 Qe7 28. g3 Qd8 29. Kg2 b5 30. axb5 Rxb5 31. Rc2 Rcb8 32.
Rce2 Nc4 33. b4 Nxe3+ 34. Rxe3 Rc8 35. Qd2 Qb6 36. bxa5 Qxa5 37. Nc5 Rcb8 38. Qf2 Rb2 39. R1e2 Rxe2 40. Qxe2 Qa1 41. Qf2 Rb2 42. Re2 Rxe2 43. Qxe2 Qxc3 44. Qf2 Qc4 45. f4 Qc3 46. Na4 Qd3 47.
Nb2 Qe4+ 48. Kh2 Qb1 49. Qd2 Qe4 50. Nd1 Kh7 51. Nf2 Qf3 52. Nh3 f6 53. Ng1 Qf1 54.
Qe2 Qa1 55. Nf3 Qa3 56. Kg2 Qd6 57. Ne1 Qb6 58. Qe3 Qb2+ 59. Qf2 Qb5 60. Qe3 Qb2+ 61. Kf3 Qb6 62. Nd3 Kg8 63. Nc5 Kf7 64. g4 Qd6 65. g5 Qc6 66. Qb3 Kg8 67. Qb7 Qxb7 68. Nxb7 Kf7 69.
Nc5 Ke7 70. Ke3 Kd6 71. Nd3 Kc6 72. Kd2 Kd6 73. Kc3 Kc6 74. Kb4 Kc7 75. Kc5 Kd7 76.
Kb6 Kd6 77. Kb7 Kd7 78. Ka7 Kc7 79. Ka6 Kc6 80. Ka5 Kc7 81. Kb5 Kd7 82. Kc5 Kc7 83.
Nf2 Kd7 84. Ng4 Ke7 85. Kc6 Kf8 86. Kd7 Kf7 87. Kd6 fxg5 88. hxg5 Ke8 89. Kxe6 Kd8 90.
Kxd5 Ke7 91. Ne5 Kd8 92. Nxg6 Ke8 93. Ne5 Ke7 94. Ke4 Ke6 95. d5+ Kd6 96. Kd4 Ke7 97. Kc5 Kd8 98. Kc6 Ke7 99. Kc7 Kf8 100. d6 g6 101.
d7 Kg7 102. d8=Q 1-0

[Event "*** Titled Tuesday Blitz"]
[Site "Chess.com"]
[Date "2020.04.28"]
[Round "2"]
[White "ChesterF"]
[Black "czasnaszachy"]
[Result "1/2-1/2"]
[WhiteElo "2548"]
[BlackElo "2303"]
[TimeControl "180+1"]
[EndTime "10:20:40 PDT"]
[Termination "Game drawn - insufficient material"]

1. d4 Nf6 2. c4 g6 3. Nc3 d5 4. cxd5 Nxd5 5. e4 Nxc3 6. bxc3 Bg7 7. Bc4 c5 8. Ne2 O-O 9. Be3 Nc6 10. h4 Bg4 11. f3 Na5 12. Bd3 Be6 13. d5 Bd7 14.
h5 b6 15. hxg6 fxg6 16. Qd2 e6 17. Bh6 Qe7 18. d6 Qf7 19. Rd1 Ba4 20. Rb1 Rad8 21. e5 Bxe5 22. Bxf8 Rxf8 23. f4 Bxf4 24. Nxf4 Qxf4 25.
Qxf4 Rxf4 26. Ke2 Nb7 27. Rh3 Nxd6 28. Rbh1 Rf7 29. Re3 Bd7 30. Re5 Nf5 31. Rh3 Kg7 32. Bc4 Kf6 33. Re4 Re7 34. Bb3 Bc6 35. Rf4 e5 36.
Rf1 Kg7 37. g4 Nd6 38. Re3 c4 39. Bc2 Bd7 40. g5 Bg4+ 41. Ke1 Nf5 42. Re4 Bh5 43. Rf2 Ng3 44. Rxc4 Nf5 45. Be4 Nd6 46. Rb4 a5 47.
Rxb6 Nxe4 48. Rfb2 Nxc3 49. Rb7 Nd5 50. Rxe7+ Nxe7 51. Rb7 Kf7 52. Ra7 Bf3 53. Rxa5 e4 54. Re5 Nc6 55.
Rc5 Nd8 56. Kf2 Ke6 57. Ke3 Nf7 58. a4 Nd6 59. a5 Nf5+ 60. Kf2 Kd6 61. Rc1 Bh5 62.
a6 e3+ 63. Ke1 Bf3 64. a7 Nd4 65. Rc3 Nf5 66. Ra3 Ba8 67. Rc3 Ke5 68. Rb3 Bd5 69. Rb8 Kf4 70. a8=Q Bxa8 71. Rxa8 Kxg5 72. Ra7 Kg4 73.
Rxh7 Kf3 74. Rh3+ Kf4 75. Rh8 g5 76. Rf8 g4 77. Ke2 Ke4 78. Re8+ Kf4 79. Rf8 Ke4 80. Rg8 Nd4+ 81. Ke1 Nf3+ 82. Ke2 Nd4+ 83. Ke1 Nf3+ 84. Kf1 Kd3 85. Rd8+ Ke4 86. Re8+ Kd3 87. Rd8+ Nd4 88. Kg2 e2 89. Re8 Kd2 90. Kg3 Nc2 91. Rxe2+ Kxe2 92. Kxg4 1/2-1/2

[Event "*** Titled Tuesday Blitz"]
[Site "Chess.com"]
[Date "2020.04.28"]
[Round "2"]
[White "Maybe00"]
[Black "harvsp123"]
[Result "1/2-1/2"]
[WhiteElo "2777"]
[BlackElo "2527"]
[TimeControl "180+1"]
[EndTime "10:20:41 PDT"]
[Termination "Game drawn by repetition"]

1. d4 Nf6 2. c4 g6 3. f3 c5 4.
d5 e6 5. Nc3 exd5 6. cxd5 d6 7.
e4 Bg7 8. Nge2 O-O 9. Ng3 a6 10.
a4 Nbd7 11. Be2 Ne8 12. O-O Rb8 13. f4 Nc7 14. Kh1 b5 15. e5 dxe5 16. f5 bxa4 17. Nce4 Rb4 18. fxg6 hxg6 19. Rxa4 Rxa4 20. Qxa4 Nxd5 21.
Bxa6 N7b6 22. Qa5 Bxa6 23. Qxa6 Qa8 24. Qb5 c4 25. Bg5 Qa4 26. Qc5 Rc8 27. Qd6 Qc6 28. Qa3 f5 29. Nc3 Ra8 30. Nxd5 Nxd5 31. Qf3 e4 32. Qe2 c3 33. bxc3 Nxc3 34. Qe3 Ra2 35.
h4 Qc4 36. Rc1 Qd4 37. Qf4 Rb2 38. Nxf5 gxf5 39. Qxf5 Qd2 40. Bxd2 Rxd2 41. Qe6+ Kh8 42. Qe8+ Kh7 43. Qh5+ Kg8 44. Qe8+ Kh7 45. Rxc3 Bxc3 46. Qxe4+ Kh8 47. Qe8+ Kh7 48. Qf7+ Bg7 49. Qf5+ Kg8 50. Qe6+ Kh7 51. g4 Rd1+ 52. Kg2 Rd2+ 53. Kf3 Rd3+ 54. Ke2 Rd4 55. h5 Rf4 56. Qg6+ Kh8 57.
h6 Bf8 58. h7 Bg7 59. g5 Rf8 60.
Qh5 Rf5 61. Kd3 Rf8 62. Ke4 Rf1 63. Qg6 Rf8 64. Kd5 Rd8+ 65. Ke6 Rf8 66. Ke7 Rf4 67.
Qh5 Rf8 68. g6 Rf4 69. Qd5 Rf8 70. Qd7 Bh6 71. Ke6 Bg7 72. Ke7 Bh6 73. Qh3 Bg7 74. Qh5 Rb8 75. Ke6 Rf8 76. Kd7 Rf6 77. Ke7 Rf8 78.
Qb5 Bh6 79. Ke6 Bg7 80. Qd7 Bh6 81. Kd5 Bg7 82. Ke4 Bh6 83. Qh3 Bg7 84. Kd5 Rd8+ 85.
Ke6 Re8+ 86. Kf7 Rf8+ 87. Ke7 Rb8 88. Qf5 Ra8 89. Qf3 Rb8 90. Qf5 Ra8 91. Qf4 Rc8 92. Kd7 Ra8 93. Qe3 Rf8 94. Ke7 Rb8 95. Qf3 Rc8 96.
Kd7 Rf8 97. Qd5 Rb8 98. Ke7 Rf8 99. Qb5 Ra8 100. Qc6 Rf8 101. Qe6 Rb8 102. Qd5 Rf8 1/2-1/2

[Event "*** Titled Tuesday Blitz"]
[Site "Chess.com"]
[Date "2020.04.28"]
[Round "2"]
[White "MilanovicDan"]
[Black "GHANDEEVAM2003"]
[Result "1/2-1/2"]
[WhiteElo "2468"]
[BlackElo "2843"]
[TimeControl "180+1"]
[EndTime "10:20:50 PDT"]
[Termination "Game drawn by repetition"]

1. d4 d5 2. c4 e6 3. Nc3 c6 4.
e3 Nf6 5. Bd2 Bd6 6. Rc1 O-O 7.
cxd5 exd5 8. Bd3 Re8 9. Nge2 Ne4 10. O-O Nd7 11. Be1 Ndf6 12. f3 Nxc3 13. Rxc3 Be6 14. Bh4 Be7 15. Bf2 Qa5 16. a3 Rad8 17. Kh1 a6 18. Bb1 Qb6 19. Qc2 g6 20. g4 Qc7 21.
Nf4 Bd6 22. Bg3 Qe7 23. Rg1 Nd7 24. Nd3 Kh8 25. Qf2 f6 26. h4 Bf7 27. Nf4 c5 28. Qh2 Nf8 29. h5 g5 30. Ng6+ Bxg6 31. hxg6 cxd4 32.
exd4 Bxg3 33. Rxg3 Rd7 34. Rc1 Qd6 35. Rh3 Qxh2+ 36.
Rxh2 b5 37. Bf5 Rg7 38. gxh7 Nxh7 39. Bxh7 Rxh7 40. Rxh7+ Kxh7 41. Rc7+ Kg6 42. Rc2 Re1+ 43. Kg2 Rd1 44. Kf2 Rxd4 45. Ke3 Rd1 46. Rc6 d4+ 47. Ke2 Rb1 48. Rc2 Kf7 49. Kd3 Rd1+ 50. Ke4 d3 51. Rc7+ Ke6 52. Rc6+ Ke7 53. Rxa6 d2 54. Kd3 Rb1 55.
Ra7+ Ke6 56. Kxd2 Rxb2+ 57. Ke3 Ke5 58. Re7+ Kd6 59. Rf7 Rb3+ 60. Ke4 Ke6 61. Ra7 Rc3 62. Ra6+ Kf7 63. Ra7+ Kg6 64. Ra6 Rc4+ 65. Ke3 Rc3+ 66. Ke4 Rb3 67. Ra7 Rb1 68. Ra6 Re1+ 69. Kd3 Kf7 70. Kd4 Rc1 71. Ke3 Rc3+ 72. Ke4 Rb3 73. Ra7+ Kf8 74. Ra6 Ke7 75. Ra7+ Ke6 76. Ra6+ Kf7 77.
Ra7+ Kg6 78. Ra6 Rc3 79. Ra7 Rc5 80. Kd4 Rc4+ 81. Ke3 Kh6 82. Rb7 Rc3+ 83. Ke4 Rb3 84. Ra7 Kg6 85. Ra6 Rb1 86. Ra7 Re1+ 87. Kd3 Rd1+ 88. Ke3 Rc1 89. Ke4 Rc5 90. Ra6 Rc4+ 91. Ke3 b4 92. axb4 Rxb4 93. Ra3 Rc4 94. Rd3 Rc7 95. Rb3 Re7+ 96. Kf2 Kf7 97. Kg3 Re6 98. Rd3 Kg6 99. Rd2 Re5 100. Rd3 Re6 101. Rd4 Re5 102. Rd3 Re6 1/2-1/2

[Event "*** Titled Tuesday Blitz"]
[Site "Chess.com"]
[Date "2020.04.28"]
[Round "2"]
[White "Orest_Vovk"]
[Black "goofypenguin96"]
[Result "1/2-1/2"]
[WhiteElo "2411"]
[BlackElo "2165"]
[TimeControl "180+1"]
[EndTime "10:21:44 PDT"]
[Termination "Game drawn - insufficient material"]

1. g3 c6 2. Bg2 d5 3. Nf3 Bg4 4.
h3 Bh5 5. g4 Bg6 6. d3 Nd7 7.
Nh4 e5 8. Nxg6 hxg6 9. c4 d4 10.
Nd2 Ngf6 11. Ne4 Nxe4 12. Bxe4 Bb4+ 13. Bd2 Qa5 14. a3 Bxd2+ 15. Qxd2 Qxd2+ 16. Kxd2 Ke7 17. Bg2 a5 18. b4 axb4 19. axb4 Kd6 20. Rhb1 Kc7 21.
Rxa8 Rxa8 22. Rb2 Ra1 23. b5 Nc5 24. bxc6 bxc6 25. e3 Ra3 26. Be4 Nxe4+ 27. dxe4 dxe3+ 28. fxe3 g5 29. Ke2 f6 30. Kf3 Ra1 31. Rh2 Rf1+ 32.
Ke2 Ra1 33. Kf3 Rf1+ 34. Kg3 Kd6 35. Rd2+ Ke6 36. c5 Rc1 37. Rd6+ Ke7 38. Rxc6 Kd7 39.
Rd6+ Ke7 40. Rd5 Rc2 41. Kf3 Ke6 42. Kg3 Rc3 43. Kf2 Rc4 44. Kf3 Rc2 45. Rd6+ Ke7 46. Rc6 Kd7 47. Ra6 Rxc5 48. Ra7+ Rc7 49. Ra8 Ke7 50.
Rh8 Kf7 51. h4 Kg6 52. h5+ Kf7 53. Ra8 Rb7 54. Rc8 Rd7 55. Rc5 Rb7 56. Rd5 Rc7 57. Ke2 Ra7 58. Kd3 Ra1 59. Ke2 Ra2+ 60. Kf3 Ke7 61.
Rd3 Ra1 62. Rd2 Ra3 63. Rb2 Ra7 64. Rb6 Kf7 65. Rb2 Kg8 66. Rh2 Kh7 67. Rh1 Ra2 68. Rf1 g6 69. Rh1 gxh5 70. Rxh5+ Kg6 71. Rh1 Rb2 72.
Re1 Rc2 73. Re2 Rc1 74. Rd2 Kf7 75. Rf2 Ke6 76. Re2 Rd1 77. Ra2 Rd6 78. Ra8 Rb6 79. Re8+ Kf7 80. Rh8 Kg6 81. Rg8+ Kf7 82. Ra8 Ke6 83. Ra7 Rc6 84. Rb7 Rd6 85. Ke2 Rc6 86. Kf3 Rd6 87. Rb5 Rc6 88. Rd5 Rd6 89. Rc5 Rb6 90. Ke2 Rb2+ 91. Kd3 Rg2 92. Rc6+ Kf7 93. Kc4 Rxg4 94. Kd5 Rg3 95. Rc7+ Kg6 96. Rc3 g4 97. Ke6 Rg1 98. Rc8 Kg7 99. Rc7+ Kg6 100. Rc8 Kg5 101. Rg8+ Kh4 102. Kxf6 Re1 103. Kxe5 Rxe3 104. Kf5 Rf3+ 105. Ke6 g3 106. e5 Kh3 107. Ke7 g2 108. Rxg2 Kxg2 109. e6 Kg3 110. Kd7 Rd3+ 111. Kc7 Rc3+ 112. Kd7 Kf4 113. e7 Re3 114. e8=Q Rxe8 115. Kxe8 1/2-1/2

[Event "*** Titled Tuesday Blitz"]
[Site "Chess.com"]
[Date "2020.04.28"]
[Round "3"]
[White "IsaacWiebe"]
[Black "NFChess13"]
[Result "0-1"]
[WhiteElo "2180"]
[BlackElo "2390"]
[TimeControl "180+1"]
[EndTime "10:23:25 PDT"]
[Termination "NFChess13 won by resignation"]

1. d4 Nf6 2. c4 g6 3. f3 d5 4. cxd5 Nxd5 5. e4 Nb6 6. Nc3 Bg7 7. Be3 O-O 8. Qd2 Nc6 9. O-O-O Qd6 10. h4 Rd8 11. Nge2 Nc4 12. Qd3 N6e5 0-1

[Event "*** Titled Tuesday Blitz"]
[Site "Chess.com"]
[Date "2020.04.28"]
[Round "3"]
[White "APotatoInthekitchen"]
[Black "Gvetadze"]
[Result "0-1"]
[WhiteElo "2154"]
[BlackElo "2353"]
[TimeControl "180+1"]
[EndTime "10:23:53 PDT"]
[Termination "Gvetadze won by resignation"]

1. e4 Nf6 2. e5 Nd5 3. Nf3 d6 4.
d4 dxe5 5. Nxe5 c6 6. c3 Nd7 7. Bd3 Nxe5 8. dxe5 g6 9. O-O Bg7 10. Re1 Be6 11. Nd2 Nxc3 12. Qc2 Nd5 13. Nf3 Nb4 14. Qb3 0-1

[Event "*** Titled Tuesday Blitz"]
[Site "Chess.com"]
[Date "2020.04.28"]
[Round "3"]
[White "kuli4ik"]
[Black "827883"]
[Result "1-0"]
[WhiteElo "2695"]
[BlackElo "2177"]
[TimeControl "180+1"]
[EndTime "10:24:01 PDT"]
[Termination "kuli4ik won by resignation"]

1. Nf3 d5 2. g3 Nf6 3. Bg2 g6 4. b3 Bg7 5. Bb2 O-O 6. c4 e6 7. O-O Nc6 8. d3 d4 9. a3 a5 10.
b4 axb4 11. axb4 Rxa1 12. Bxa1 Nxb4 13. Bxd4 Nc6 14. Bb2 Bd7 15. Nbd2 Re8 16. Qa1 Qa8 17. Bxf6 1-0

[Event "*** Titled Tuesday Blitz"]
[Site "Chess.com"]
[Date "2020.04.28"]
[Round "3"]
[White "Saloni1299"]
[Black "Savagelittlemole"]
[Result "0-1"]
[WhiteElo "2318"]
[BlackElo "2617"]
[TimeControl "180+1"]
[EndTime "10:24:11 PDT"]
[Termination "Savagelittlemole won by checkmate"]

1. e4 c5 2. Nf3 d6 3. d4 cxd4 4.
Nxd4 Nf6 5. Nc3 a6 6. Be3 e5 7. Nb3 Be7 8. f3 Be6 9. Qd2 O-O 10. O-O-O Nbd7 11. g4 b5 12. g5 b4 13. Ne2 Ne8 14.
f4 a5 15. f5 Bxb3 16. cxb3 a4 17. bxa4 Rxa4 18. b3 Ra5 19. Ng3 Qa8 20. Rg1 Rxa2 21. Qd3 Qa3+ 22. Kb1 Qb2# 0-1

[Event "*** Titled Tuesday Blitz"]
[Site "Chess.com"]
[Date "2020.04.28"]
[Round "3"]
[White "vizumatv4hoda"]
[Black "RodinMihail"]
[Result "1-0"]
[WhiteElo "2760"]
[BlackElo "2534"]
[TimeControl "180+1"]
[EndTime "10:24:21 PDT"]
[Termination "vizumatv4hoda won by resignation"]

1. e4 e5 2. d4 exd4 3. Nf3 Nc6 4.
c3 d5 5. Bd3 Bg4 6. cxd4 dxe4 7. Bxe4 Nf6 8. Bxc6+ bxc6 9. O-O Be7 10. h3 Bh5 11.
Nc3 O-O 12. g4 Bg6 13. Ne5 c5 14. Nc6 Qd7 15. Nxe7+ Qxe7 16. dxc5 Qxc5 17. Qf3 Ne4 18. Nxe4 1-0

[Event "*** Titled Tuesday Blitz"]
[Site "Chess.com"]
[Date "2020.04.28"]
[Round "3"]
[White "picturesquecheck"]
[Black "Pedrada88"]
[Result "0-1"]
[WhiteElo "2118"]
[BlackElo "2352"]
[TimeControl "180+1"]
[EndTime "10:24:21 PDT"]
[Termination "Pedrada88 won by resignation"]

1. e4 c5 2. Nf3 Nc6 3. d4 cxd4 4.
Nxd4 Nf6 5. Nc3 e6 6. Ndb5 Bc5 7. Bf4 O-O 8. Bd6 Qb6 9. Bxc5 Qxc5 10. Qd6 Qb6 11.
Bd3 a6 12. Na3 Qxb2 13. Kd2 Ne8 14. Rhb1 Qxc3+ 0-1

[Event "*** Titled Tuesday Blitz"]
[Site "Chess.com"]
[Date "2020.04.28"]
[Round "3"]
[White "BillieKimbah"]
[Black "RobertoJBM"]
[Result "1-0"]
[WhiteElo "2850"]
[BlackElo "2546"]
[TimeControl "180+1"]
[EndTime "10:24:24 PDT"]
[Termination "BillieKimbah won by resignation"]

1. d4 d5 2. c4 e6 3. Nf3 Nf6 4.
g3 Be7 5. Bg2 O-O 6. Qc2 dxc4 7.
Qxc4 a6 8. Bf4 Nd5 9. Nc3 b5 10. Qd3 Bb7 11. O-O Nd7 12. Ne5 1-0

[Event "*** Titled Tuesday Blitz"]
[Site "Chess.com"]
[Date "2020.04.28"]
[Round "3"]
[White "francyIM"]
[Black "lifeissofun"]
[Result "1-0"]
[WhiteElo "2710"]
[BlackElo "2358"]
[TimeControl "180+1"]
[EndTime "10:24:27 PDT"]
[Termination "francyIM won by resignation"]

1. d4 Nf6 2. c4 e6 3. Nc3 Bb4 4. g3 O-O 5. Bg2 d5 6. Nf3 dxc4 7. O-O c5 8. dxc5 Bxc3 9. bxc3 Qa5 10. Qd4 Nbd7 11.
Qxc4 Qxc5 12. Qxc5 Nxc5 13. Ba3 b6 14. Ne5 Rb8 15.
Rab1 Ba6 16. Nc6 Rbe8 17. Rfe1 Bb7 18. Bxc5 Bxc6 19. Bxc6 Rc8 20. Bxf8 Kxf8 21. Bf3 1-0

[Event "*** Titled Tuesday Blitz"]
[Site "Chess.com"]
[Date "2020.04.28"]
[Round "3"]
[White "Blitzstream"]
[Black "ljuks68"]
[Result "1-0"]
[WhiteElo "2709"]
[BlackElo "2356"]
[TimeControl "180+1"]
[EndTime "10:24:44 PDT"]
[Termination "Blitzstream won by resignation"]

1. d4 d5 2. Bf4 Nf6 3. e3 c5 4.
dxc5 Nc6 5. Bb5 Qa5+ 6. Nc3 Ne4 7. Ne2 e5 8. Bxe5 Nxc3 9. Nxc3 Be6 10. a3 O-O-O 11.
b4 1-0

[Event "*** Titled Tuesday Blitz"]
[Site "Chess.com"]
[Date "2020.04.28"]
[Round "3"]
[White "Iyael"]
[Black "AttilaTurzo"]
[Result "0-1"]
[WhiteElo "2120"]
[BlackElo "2487"]
[TimeControl "180+1"]
[EndTime "10:24:54 PDT"]
[Termination "AttilaTurzo won by resignation"]

1. e4 c5 2. c3 Nf6 3. e5 Nd5 4. d4 cxd4 5. Nf3 Nc6 6. cxd4 d6 7. Bc4 dxe5 8. dxe5 Ndb4 9. Qxd8+ Nxd8 10. Na3 a6 11.
O-O b5 12. Bb3 Bb7 13. Nd4 e6 14. Be3 Nd5 15. Bg5 h6 16. Bh4 Bc5 17. Nac2 O-O 18.
Rfd1 Rc8 19. Rac1 Nf4 20. Ne3 Bxd4 21. Rxc8 Bxc8 22. Rxd4 Ne2+ 0-1

[Event "*** Titled Tuesday Blitz"]
[Site "Chess.com"]
[Date "2020.04.28"]
[Round "3"]
[White "jaskol95"]
[Black "WonderChampion"]
[Result "1-0"]
[WhiteElo "2271"]
[BlackElo "1807"]
[TimeControl "180+1"]
[EndTime "10:24:54 PDT"]
[Termination "jaskol95 won by resignation"]

1. d4 d5 2. Bf4 Nf6 3. e3 e6 4. c3 c5 5. Nd2 Nc6 6. Ngf3 Be7 7. Bd3 O-O 8. Ne5 Nxe5 9. dxe5 Nd7 10. h4 Qc7 11. Nf3 a6 12. Bxh7+ Kxh7 13. Ng5+ Bxg5 14. hxg5+ Kg8 15. Qh5 f6 16. g6 1-0